 Dungeon Crawl Stone Soup version 0.30-a0-879-ga8ba668304 (webtiles) character file.

Game seed: 4290525681995034971

2271606 loopz the Slayer (level 27, 172/172 HPs)
             Began as a Vine Stalker Brigand on Mar 12, 2023.
             Was a Priest of Okawaru.
             Escaped with the Orb
             ... and 4 runes on Mar 13, 2023!
             The game lasted 05:17:00 (73518 turns).

loopz the Slayer (Vine Stalker Brigand)            Turns: 73518, Time: 05:17:00

Health: 172/172    AC: 17    Str: 15    XL:     27
Magic:  38/38      EV: 32    Int: 15    God:    Okawaru [***...]
Gold:   5218       SH: 11    Dex: 29    Spells: 26/26 levels left

rFire   + + .      SeeInvis +    a - +9 short sword (vamp)
rCold   + . .      Faith    .    F - +3 buckler of Tebboh {Drain rElec rF++ Int+3}
rNeg    + . .      Spirit   +    t - +3 leather armour "Yleahioph" {rElec Will++ Regen+ Int-4}
rPois   +          Reflect  .    h - +0 helmet of the Great Game {rC+ Int+2}
rElec   +          Rampage  .    K - +2 cloak {rCorr}
rCorr   +                        k - +1 pair of gloves of Analysis {rElec rN+ SInv}
Will    +++++                    P - +2 pair of slick slippers {slick, slippery, EV+5}
Stlth   ++                       H - amulet of Vitality {RegenMP++ Regen++}
HPRegen 3.68/turn                M - ring of Onai {Fly rPois Int+3}
MPRegen 1.06/turn                T - +4 ring of slaying

@: flying, studying 2 skills
A: fangs 3, regeneration 1, magic shield, antimagic bite, no potion heal 2,
hooves 1, deterioration 1, noise suppression
0: Orb of Zot
}: 4/15 runes: barnacled, slimy, silver, gossamer
a: Renounce Religion, Heroism


You escaped.
You worshipped Okawaru.
Okawaru was most pleased with you.
You visited 11 branches of the dungeon, and saw 53 of its levels.
You also visited: Bailey and Ice Cave.

You collected 8137 gold pieces.
You spent 2919 gold pieces at shops.

Inventory:

Hand Weapons
 a - a +9 vampiric short sword (weapon)
 b - the +6 quick blade "Beastbane" {god gift, flame, rPois rN+++ Int-4 Stlth+}
   (Okawaru gifted it to you on level 1 of the Shoals)

   Int:       It affects your intelligence (-4).
   rPois:     It protects you from poison.
   rN:        It renders you almost immune to negative energy.
   Stlth:     It makes you more stealthy.
 c - the +8 dagger of Bigi Xir {god gift, protect, rElec rN+ rCorr MP+9}
   (Okawaru gifted it to you on level 2 of the Elven Halls)

   rElec:     It insulates you from electricity.
   rN:        It protects you from negative energy.
   MP:        It affects your magic capacity (+9).
   rCorr:     It protects you from acid and corrosion.
 N - a +8 heavy quick blade {god gift}
Missiles
 f - 45 boomerangs
 D - 23 javelins
 G - 5 curare-tipped darts {god gift}
 O - 33 silver javelins (quivered) {god gift}
 S - 2 throwing nets
Armour
 h - the +0 helmet of the Great Game (worn) {rC+ Int+2}
   (You found it on level 14 of the Dungeon)

   Int:       It affects your intelligence (+2).
   rC:        It protects you from cold.
 k - the +1 pair of gloves of Analysis (worn) {rElec rN+ SInv}
   (You found it on level 5 of the Pits of Slime)

   rElec:     It insulates you from electricity.
   rN:        It protects you from negative energy.
   SInv:      It lets you see invisible.
 t - the +3 leather armour "Yleahioph" (worn) {rElec Will++ Regen+ Int-4}
   (You took it off a deep elf demonologist on level 3 of the Elven Halls)

   Int:       It affects your intelligence (-4).
   rElec:     It insulates you from electricity.
   Regen:     It increases your rate of health regeneration.
   Will:      It greatly increases your willpower.
 F - the +3 buckler of Tebboh (worn) {Drain rElec rF++ Int+3}
   (You acquired it on level 6 of the Dungeon)

   Int:       It affects your intelligence (+3).
   rF:        It greatly protects you from fire.
   rElec:     It insulates you from electricity.
   Drain:     It drains your maximum health when unequipped.
 K - a +2 cloak of preservation (worn)
 P - the +2 pair of slick slippers (worn) {slick, slippery, EV+5}
   (You found it on level 5 of the Pits of Slime)

   Slick:     Its wearer cannot be constricted, engulfed, netted or webbed.
   Slippery:  It slips away from damaging melee attacks, pulling the attacker
   onward.
   EV:        It affects your evasion (+5).
Jewellery
 l - a ring of protection from fire
 w - the ring "Forget-Me-Not" {rElec EV+5 Str+3}
   (You bought it in a shop on level 4 of the Vaults)

   [ring of evasion]

   EV:        It affects your evasion (+5).
   Str:       It affects your strength (+3).
   rElec:     It insulates you from electricity.
 A - a ring of protection from cold
 E - a ring of resist corrosion
 H - the amulet of Vitality (around neck) {RegenMP++ Regen++}
   (You took it off a deep elf death mage on level 3 of the Elven Halls)

   [amulet of magic regeneration]

   It increases your rate of magic regeneration.
   Regen:     It increases your rate of health regeneration.
 M - the ring of Onai (left hand) {Fly rPois Int+3}
   (You found it on level 3 of the Shoals)

   [ring of flight]

   Int:       It affects your intelligence (+3).
   rPois:     It protects you from poison.
   Fly:       It grants you flight.
 T - a +4 ring of slaying (right hand)
 V - the ring of Cueqad {rN+ Will+ Dex+4}
   (You took it off a vault guard on level 5 of the Vaults)

   [ring of willpower]

   Dex:       It affects your dexterity (+4).
   rN:        It protects you from negative energy.
   Will:      It increases your willpower.
 W - the ring of Nucsak {Str+3 SInv Stlth+}
   (You bought it in a shop on level 2 of the Orcish Mines)

   [ring of see invisible]

   Str:       It affects your strength (+3).
   SInv:      It lets you see invisible.
   Stlth:     It makes you more stealthy.
Wands
 u - a wand of digging (7)
 I - a wand of roots (29)
 L - a wand of acid (22)
 Y - a wand of mindburst (23)
Scrolls
 d - 12 scrolls of immolation
 g - 11 scrolls of teleportation
 i - a scroll of fear
 n - a scroll of magic mapping
 o - 3 scrolls of blinking
 p - 11 scrolls of poison
 y - 3 scrolls of silence
 J - 13 scrolls of fog
 R - 3 scrolls of enchant armour
Potions
 j - 10 potions of mutation
 q - 3 potions of might
 r - 4 potions of magic
 v - 5 potions of flight
 z - 10 potions of attraction
 C - 15 potions of curing
 Q - 3 potions of invisibility
 U - 4 potions of haste
 X - 2 potions of cancellation
 Z - 6 potions of lignification
Miscellaneous
 e - a lightning rod (4/4)
 m - a condenser vane (inert)
 s - a tin of tremorstones (1/2)
 B - a phial of floods


   Skills:
 + Level 26.7 Fighting
 - Level 10.0 Short Blades
 - Level 16.0 Throwing
 - Level 14.0 Armour
 - Level 15.0 Dodging
 - Level 15.0 Stealth
 - Level 10.0 Shields
 - Level 20.0 Invocations
 - Level 15.0 Evocations


You had 26 spell levels left.
You didn't know any spells.
Your spell library contained the following spells:

 Spells                   Type           Power      Damage    Failure   Level
 Apportation              Tloc           0%         N/A       36%         1
 Freeze                   Ice            0%         1d3       36%         1
 Magic Dart               Conj           0%         1d3       36%         1
 Necrotise                Necr           0%         1d4       36%         1
 Slow                     Hex            0%         N/A       36%         1
 Sting                    Tmut/Pois      0%         1d3       36%         1
 Blink                    Tloc           0%         N/A       50%         2
 Ensorcelled Hibernation  Hex/Ice        0%         N/A       50%         2
 Lesser Beckoning         Tloc           0%         N/A       50%         2
 Momentum Strike          Conj/Tloc      0%         3d8       50%         2
 Poisonous Vapours        Pois/Air       0%         N/A       50%         2
 Scorch                   Fire           0%         2d5       50%         2
 Static Discharge         Conj/Air       0%         2-2/arc   50%         2
 Sublimation of Blood     Necr           0%         N/A       50%         2
 Wereblood                Tmut           0%         N/A       50%         2
 Confusing Touch          Hex            0%         N/A       75%         3
 Frozen Ramparts          Ice            0%         1d1       75%         3
 Gell's Gravitas          Tloc           0%         N/A       75%         3
 Hailstorm                Conj/Ice       0%         3d3       75%         3
 Inner Flame              Hex/Fire       0%         N/A       75%         3
 Mephitic Cloud           Conj/Pois/Air  0%         N/A       75%         3
 Ozocubu's Armour         Ice            0%         N/A       75%         3
 Spider Form              Tmut/Pois      0%         N/A       75%         3
 Teleport Other           Tloc           0%         N/A       75%         3
 Vampiric Draining        Necr           0%         2d6       75%         3
 Vhi's Electric Charge    Tloc/Air       0%         N/A       75%         3
 Anguish                  Hex/Necr       0%         N/A       98%         4
 Flame Wave               Conj/Fire      0%         2d4       98%         4
 Leda's Liquefaction      Hex/Erth       0%         N/A       98%         4
 Manifold Assault         Tloc           0%         N/A       98%         4
 Olgreb's Toxic Radiance  Pois           0%         N/A       98%         4
 Petrify                  Tmut/Erth      0%         N/A       98%         4
 Alistair's Intoxication  Tmut/Pois      0%         N/A       100%        5
 Arcjolt                  Conj/Air       0%         1d10      100%        5
 Blade Hands              Tmut           0%         N/A       100%        5
 Borgnjor's Vile Clutch   Necr/Erth      0%         N/A       100%        5
 Fireball                 Conj/Fire      0%         3d3       100%        5
 Freezing Cloud           Conj/Ice/Air   0%         6-21      100%        5
 Irradiate                Conj/Tmut      0%         3d11      100%        5
 Lee's Rapid Deconstruct  Erth           0%         3d4*      100%        5
 Lightning Bolt           Conj/Air       0%         1d11      100%        5
 Metabolic Englaciation   Hex/Ice        0%         N/A       100%        5
 Conjure Ball Lightning   Conj/Air       0%         3x3d6     100%        6
 Dispersal                Tloc           0%         N/A       100%        6
 Eringya's Noxious Bog    Tmut/Pois      0%         N/A       100%        6
 Iron Shot                Conj/Erth      0%         9d1       100%        6
 Starburst                Conj/Fire      0%         6d3       100%        6
 Statue Form              Tmut/Erth      0%         N/A       100%        6
 Dragon Form              Tmut           0%         N/A       100%        7
 Enfeeble                 Hex            0%         N/A       100%        7
 Ozocubu's Refrigeration  Ice            0%         4d7       100%        7
 Discord                  Hex            0%         N/A       100%        8
 Disjunction              Tloc           0%         N/A       100%        8
 Ignition                 Fire           0%         3d3       100%        8
 Chain Lightning          Conj/Air       0%         N/A       100%        9
 Death's Door             Necr           0%         N/A       100%        9
 Summon Small Mammal      Summ           Unusable   N/A       N/A         1
 Call Imp                 Summ           Unusable   N/A       N/A         2
 Summon Guardian Golem    Hex/Summ       Unusable   N/A       N/A         3
 Animate Armour           Summ/Erth      Unusable   N/A       N/A         4
 Simulacrum               Ice/Necr       Unusable   N/A       N/A         6
 Summon Cactus Giant      Summ           Unusable   N/A       N/A         6
 Monstrous Menagerie      Summ           Unusable   N/A       N/A         7
 Summon Hydra             Summ           Unusable   N/A       N/A         7

Dungeon Overview and Level Annotations

Branches:
Dungeon (15/15)            Temple (1/1) D:6            Lair (5/5) D:9
 Shoals (4/4) Lair:3       Spider (4/4) Lair:3        Slime (5/5) Lair:5
    Orc (2/2) D:12            Elf (3/3) Orc:2        Vaults (5/5) D:14
  Crypt (0/3) Vaults:2     Depths (4/4) D:15            Zot (5/5) Depths:4
 Bailey (visited)           IceCv (visited)

Altars:
Ashenzari
Cheibriados
Dithmenos
Elyvilon
Fedhas
Gozag
Hepliaklqana
Kikubaaqudgha
Makhleb
Nemelex Xobeh
Okawaru
Qazlal
Ru
Sif Muna
Trog
Uskayaw
Vehumet
Wu Jian
Xom
Yredelemnul
Zin
The Shining One
Jiyva

Shops:
D:7 [   D:8 :*   D:13 *   Orc:2 (=[*   Vaults:4 =

Portals:
Hell: Lair:5 Depths:1 Depths:2 Depths:3 Depths:4
Abyss: Depths:3 Depths:4
Pandemonium: Depths:1 Depths:2 Depths:4
Ziggurat: Depths:2

Annotations:
D:4 1 runed translucent door, exclusion: door, Crazy Yiuf
Lair:5 exclusions: door and upstairs
Spider:1 Frances
Zot:2 3 runed translucent doors, exclusion: 3 doors, Gehih's ghost, veteran MiBe; cheesebisquit's ghost, master GrEE


Innate Abilities, Weirdness & Mutations

You have razor-sharp teeth.
Your natural rate of healing is unusually fast.
When hurt, damage is shared between your health and your magic reserves.
Your bite disrupts and absorbs the magic of your enemies.
Potions cannot restore your health.
You have large cloven feet.
Your body sometimes deteriorates upon taking damage.
You passively dampen the noise of your surroundings.


Message History

The silver javelin {god gift} pierces through the Brimstone Fiend!
The Brimstone Fiend is almost dead.
Throw: 29 javelins (silver) {god gift}
Press: ? - help, Q - select action, (/) - cycle Shift-Dir - straight line, f/p - Brimstone Fiend
Aim: a Brimstone Fiend (almost dead, 87% to hit)
You throw a silver javelin {god gift}.
The silver javelin {god gift} barely misses the Brimstone Fiend.
Throw: 28 javelins (silver) {god gift}
Press: ? - help, Q - select action, (/) - cycle Shift-Dir - straight line, f/p - Brimstone Fiend
Aim: a Brimstone Fiend (almost dead, 87% to hit)
You throw a silver javelin {god gift}.
The silver javelin {god gift} pierces through the Brimstone Fiend!!
You kill the Brimstone Fiend!
Okawaru accepts your kill.
Your magical effects are unravelling.
You feel magically purged.
You feel less wooden.
Your +2 cloak of preservation unmelds from your body.
The +0 helmet of the Great Game {rC+ Int+2} unmelds from your body.
The +1 pair of gloves of Analysis {rElec rN+ SInv} unmelds from your body.
The +2 pair of slick slippers {slick, slippery, EV+5} unmelds from your body.
The +3 leather armour "Yleahioph" {rElec Will++ Regen+ Int-4} unmelds from your body.
O - 28 silver javelins {god gift} (gained 1)
O - 31 silver javelins {god gift} (gained 3)
O - 33 silver javelins {god gift} (gained 2)
(D) Dungeon (T) Temple (L) Lair (A) Shoals (N) Spider Nest (M) Slime Pits (O) Orcish Mines (E) Elven Halls (V) Vaults (C) Crypt (U) Depths (H) Hell (Z) Zot
Where to? (Enter - D:1 @ (x,y), ? - help)
There is a stone staircase leading up here.
You fly upwards.
There is a stone staircase leading down here.
There is a stone staircase leading up here.
You fly upwards.
There is a stone staircase leading down here.
You feel like a meek peon again.
Your hands slow down.
There is a staircase leading out of the dungeon here.
You have escaped!

#......##♣♣.......♣♣..###
#......#♣♣.♣♣♣♣♣♣♣.♣♣..##
#......♣♣.♣♣.....♣♣.♣♣.##
#......♣.♣♣.♣♣♣♣♣.♣♣.♣.##
#####...♣♣.♣♣...♣♣.♣.♣..#
#...♣.♣♣.♣♣♣.♣.♣.♣♣.#
#..♣♣.♣..♣.♣.♣.♣..♣.#
#..♣..♣.♣....♣.♣.♣♣.#
#.#♣@♣♣.♣.♣.♣..♣.♣#.#
#.#♣♣♣.♣♣.♣♣♣.♣♣.♣#..
#.#♣♣..♣.....♣♣.♣♣##.
#.[.♣♣.♣♣♣♣♣♣♣.♣♣ #.
######.#♣♣.......♣♣ ##
###....#.#.♣♣♣♣.♣♣♣♣ #
#......#.#..#.♣♣♣ #
#......#.#..#...# #
#......#.#..#.#.# ##### #


There were no monsters in sight!

Vanquished Creatures
  the Royal Jelly (Slime:5)
  Tiamat (Zot:2)
  5 dread liches
  9 orbs of fire
  A juggernaut (Depths:4)
  Josephina (Zot:2)
  3 Killer Klowns (Zot:5)
  Margery (Depths:4)
  A curse toe (Zot:2)
  8 golden dragons
  Nikola (Vaults:1)
  Arachne (Spider:4)
  A Brimstone Fiend (D:3)
  5 electric golems
  Rupert (Lair:4)
  Jorgrun (D:12)
  26 Orb Guardians
  A walking frostbound tome (Depths:2)
  A walking crystal tome (Depths:2)
  14 tentacled monstrosities
  Mlioglotl (Spider:4)
  7 liches
  Asterion (Vaults:3)
  2 deep elf blademasters
  7 titans
  2 walking divine tomes
  4 quicksilver dragons
  2 krakens
  A deep elf master archer (Elf:3)
  8 death cobs
  Polyphemus (Shoals:3)
  10 acid blobs
  An Executioner (Zot:3)
  5 sphinxes
  Agnes (Elf:2)
  10 shadow dragons
  Gastronok (Lair:2)
  Kirke (Spider:3)
  5 tengu reavers
  10 storm dragons
  A rockslime (shapeshifter) (Vaults:5)
  8 draconian monks
  3 azure jellies
  8 rockslimes
  15 fire giants
  10 frost giants
  An iron dragon (Depths:2)
  10 draconian knights
  19 vault wardens
  The ghost of Esekla the Thaumaturge, an adept OpDe of Gozag (Spider:1)
  5 deep elf sorcerers (Elf:3)
  7 emperor scorpions
  9 draconian scorchers
  A ghost moth (shapeshifter) (Vaults:5)
  4 orc warlords
  5 draconian shifters
  Aizul (Spider:4)
  Louise (Spider:4)
  A ghost moth (Spider:4)
  6 deep elf elementalists (Elf:3)
  5 draconian annihilators
  27 ironbound preservers
  A spriggan defender (Depths:2)
  6 quicksilver oozes
  25 stone giants
  2 war gargoyles (Vaults:5)
  10 ironbound thunderhulks
  5 draconian stormcallers
  26 very ugly things
  The ghost of Jeuts the Severer, a journeyman MiFi of Okawaru (Lair:3)
  3 vampire knights
  4 deep elf demonologists
  13 deep elf annihilators
  19 green draconians
  2 broodmothers
  4 demonspawn black suns (Zot:4)
  6 yellow draconians
  16 dire elephants
  11 black draconians
  17 purple draconians
  12 red draconians
  8 white draconians
  6 spark wasps
  7 merfolk impalers
  Snorg (D:14)
  9 deep elf death magi
  A blizzard demon (Depths:2)
  18 ettins
  8 merfolk javelineers
  11 yaktaur captains
  10 entropy weavers
  4 rakshasas
  8 deep elf high priests
  14 fire dragons
  7 great orbs of eyes
  13 ice dragons
  38 vault guards
  2 caustic shrike simulacra (IceCv)
  4 jorogumos
  3 catoblepae
  2 radroaches (Spider:1)
  Erolcha (Orc:1)
  An alligator snapping turtle (Shoals:2)
  9 centaur warriors
  11 ironbound frosthearts
  3 merfolk aquamancers (Shoals:4)
  15 hydras
  3 ogre magi (Vaults:5)
  6 boulder beetles
  4 merfolk avatars
  A death knight (D:15)
  7 spriggan air magi
  3 two-headed ogres
  3 satyrs
  An alligator (Lair:1)
  2 death scarabs
  9 deep troll shamans
  5 death yaks
  22 dancing weapons
  A vampire mage (Depths:3)
  6 orc high priests
  Urug (Orc:2)
  9 deep troll earth magi
  A spriggan berserker (Depths:2)
  10 tengu warriors
  A soul eater (Depths:2)
  A sun demon (Lair:5)
  16 deep elf knights
  5 iron trolls
  10 hell knights
  5 sun moths
  A fire crab (shapeshifter) (Depths:4)
  3 skysharks
  A shadow wraith (Vaults:5)
  A golden dragon zombie (Depths:2)
  A storm dragon skeleton (Depths:2)
  9 pharaoh ants
  6 sea snakes
  83 deep trolls
  5 glowing orange brains
  5 flayed ghosts
  A deep troll (shapeshifter) (Vaults:5)
  12 deep elf archers
  A tengu zombie (Depths:1)
  10 orb spiders
  2 orange crystal statues (IceCv)
  15 ironbound convokers
  7 wizards
  16 lindwurms
  9 necromancers
  An obsidian statue (Zot:5)
  19 harpies
  24 deep elf zephyrmancers
  5 phantasmal warriors
  6 steelbarb worms
  9 orc knights
  A sphinx zombie (Depths:2)
  6 shining eyes
  10 manticores
  A shining eye (shapeshifter) (D:14)
  27 deep elf pyromancers
  8 orc sorcerers
  22 wolf spiders
  A frost giant zombie (Depths:1)
  2 oklob plants (Spider:3)
  5 cyclopes
  A fire giant zombie (Depths:1)
  36 ugly things
  28 moths of wrath
  20 fauns
  9 elephants
  A moth of wrath (shapeshifter) (Vaults:5)
  2 rust devils
  Joseph (D:8)
  7 merfolk sirens
  23 vault sentinels
  2 smoke demons
  20 cane toads
  4 black mambas
  12 water nymphs
  A water nymph (shapeshifter) (D:14)
  2 eyes of devastation
  8 demonic crawlers
  2 ice statues
  3 orange demons (Lair:5)
  2 gargoyles
  2 unseen horrors (D:11)
  A storm dragon simulacrum (Zot:3)
  4 torpor snails
  A rime drake (shapeshifter) (D:12)
  8 komodo dragons
  3 ice devils (Lair:5)
  4 rime drakes
  3 freezing wraiths (IceCv)
  9 tengu conjurers
  An anaconda simulacrum (IceCv)
  21 yaktaurs
  2 golden dragon simulacra
  23 merfolk
  4 polar bears
  4 harpy zombies (Shoals:2)
  5 trolls
  8 wind drakes
  3 meliai (Spider:1)
  24 tarantellas
  A hornet (Vaults:5)
  16 blink frogs
  2 tarantellas (shapeshifter)
  A spriggan zombie (Depths:1)
  22 dream sheep
  4 snapping turtles
  2 culicivoras (shapeshifter)
  22 culicivoras
  29 jumping spiders
  A jumping spider (shapeshifter) (D:14)
  147 slime creatures
  4 shadows
  2 dire elephant simulacra (IceCv)
  7 air elementals
  A wyvern (D:9)
  78 yaks
  A hog (Spider:3)
  A vampire (D:11)
  3 fire elementals
  23 water elementals
  42 redbacks
  9 wraiths
  9 basilisks
  A human (Spider:3)
  3 fire bats (D:11)
  12 golden eyes
  A redback (shapeshifter) (Depths:4)
  4 steam dragons
  A vampire mosquito (D:11)
  7 wargs
  2 chaos spawn (Depths:2)
  4 harpy simulacra (IceCv)
  Menkaure (D:4)
  2 acid dragons
  19 water moccasins
  2 hydra simulacra (IceCv)
  5 floating eyes
  4 hell hounds (Lair:5)
  Duvessa (D:4)
  Pargi (D:3)
  A glowing shapeshifter skeleton (Depths:2)
  A manticore zombie (Shoals:2)
  44 orc warriors
  2 moth of wrath simulacra (Zot:3)
  2 sky beasts
  11 ice beasts
  An ettin simulacrum (IceCv)
  An alligator simulacrum (IceCv)
  A black bear (D:5)
  10 ogres
  3 boggarts
  A wolf (Lair:1)
  11 centaurs
  2 phantoms
  2 gnoll sergeants
  2 kobold brigands
  11 bullfrogs
  6 scorpions
  10 wights
  Dowan (D:4)
  9 killer bees (D:9)
  5 howler monkeys
  2 electric eels (Lair:1)
  3 lindwurm simulacra (IceCv)
  2 hounds (D:5)
  2 jellies (Lair:3)
  A gnoll bouda (Lair:5)
  31 orc priests
  A sleepcap (D:7)
  8 iguanas
  36 orc wizards
  Jessica (D:3)
  2 hell rats (Lair:1)
  The ghost of relicbr the Covert, a weakling SpDe (D:5)
  11 gnolls
  5 adders
  8 shadow imps
  5 white imps
  7 ufetubi
  2 worms (D:4)
  6 dart slugs
  109 orcs
  7 ball pythons
  A bat zombie (Shoals:2)
  13 endoplasms
  6 giant cockroaches
  13 goblins
  15 hobgoblins
  4 jackals (D:2)
  19 kobolds
  5 quokkas
  15 bats
  3 frilled lizards
  3 rats
  6 tentacles
2476 creatures vanquished.

Vanquished Creatures (others)
  A golden dragon (Zot:1)
  A green draconian (Zot:3)
  2 deep elf knights (Elf:2)
  A deep elf zephyrmancer (Elf:2)
  A wolf spider (Spider:2)
  A wind drake (Shoals:4)
  A white draconian simulacrum (Zot:3)
  An orc wizard (Orc:2)
  6 demonic plants (D:8)
  38 fungi
  44 plants
  19 tentacles
  7 toadstools (D:1)
  A withered plant (Shoals:1)
124 creatures vanquished.

Grand Total: 2600 creatures vanquished

Notes
Turn   | Place    | Note
-------+----------+-------------------------------------------
     0 | D:1      | loopz the Vine Stalker Brigand began the quest for the Orb.
     0 | D:1      | Reached XP level 1. HP: 11/11 MP: 2/2
    69 | D:1      | Reached skill level 2 in Fighting
   158 | D:1      | Reached skill level 5 in Stealth
   293 | D:1      | Reached XP level 2. HP: 14/15 MP: 1/3
  1089 | D:1      | Reached XP level 3. HP: 12/19 MP: 4/4
  1606 | D:2      | Reached skill level 3 in Fighting
  1841 | D:2      | Gained mutation: Your natural rate of healing is unusually
                  | fast. [Vine Stalker growth]
  1841 | D:2      | Reached XP level 4. HP: 24/24 MP: 5/5
  2439 | D:3      | Reached skill level 4 in Fighting
  2459 | D:3      | Reached XP level 5. HP: 29/29 MP: 4/6
  2483 | D:3      | Found the +1 Delatra's gloves {ID++}
  2569 | D:3      | Noticed Jessica
  2569 | D:3      | Noticed Pargi
  2931 | D:4      | You fall into a shaft and drop 2 floors!
  2975 | D:6      | Found a staircase to the Ecumenical Temple.
  2981 | Temple   | Entered the Ecumenical Temple
  3026 | Temple   | Became a worshipper of Warmaster Okawaru
  3149 | D:6      | Identified the +4 dagger of Objectivity {heavy, rElec Str+3
                  | Int+3}
  3218 | D:6      | Found a sacrificial altar of Ru.
  3488 | D:5      | Entered Level 5 of the Dungeon
  3560 | D:4      | Noticed a +0 falchion
  3561 | D:4      | Noticed a +0 dagger
  3562 | D:4      | Noticed a +0 short sword
  3563 | D:4      | Noticed a +0 falchion
  3563 | D:4      | Noticed a +0 short sword
  3564 | D:4      | Noticed a +0 spear
  3564 | D:4      | Noticed a +0 spear
  3564 | D:4      | Noticed a +0 dagger
  3566 | D:4      | Found a hide-covered altar of Uskayaw.
  3575 | D:4      | Reached XP level 6. HP: 32/33 MP: 9/9
  3665 | D:4      | Found a runed translucent door.
  3666 | D:4      | Noticed Crazy Yiuf
  3806 | D:5      | Noticed a black bear
  3938 | D:5      | Found a runed translucent door.
  3938 | D:5      | Noticed relicbr's ghost (weakling SpDe)
  3941 | D:5      | Noticed an acid dragon
  4443 | D:4      | Found a glowing silver altar of Zin.
  4510 | D:4      | Found an ancient bone altar of Kikubaaqudgha.
  4596 | D:4      | Reached * piety under Okawaru
  4597 | D:4      | Reached skill level 5 in Invocations
  4597 | D:4      | Reached XP level 7. HP: 31/37 MP: 9/11
  4917 | D:4      | Noticed Menkaure
  5625 | D:6      | Noticed a steam dragon
  5631 | D:6      | Noticed a steam dragon
  5645 | D:6      | Killed a steam dragon
  5668 | D:6      | Killed a steam dragon
  5669 | D:6      | Reached skill level 5 in Short Blades
  5669 | D:6      | Gained mutation: You have razor-sharp teeth. [Vine Stalker
                  | growth]
  5669 | D:6      | Reached XP level 8. HP: 42/42 MP: 12/12
  5928 | D:6      | Identified a scroll of acquirement
  5928 | D:6      | Acquired the +3 buckler of Tebboh {Drain rElec rF++ Int+3}
  6071 | D:7      | Reached skill level 5 in Fighting
  6071 | D:7      | Reached skill level 1 in Dodging
  6180 | D:7      | Reached skill level 1 in Shields
  6202 | D:7      | Found a flagged portal.
  6239 | Bailey   | Entered a bailey
  6461 | Bailey   | Reached skill level 1 in Armour
  6482 | Bailey   | Reached ** piety under Okawaru
  6611 | Bailey   | Reached skill level 6 in Fighting
  6621 | Bailey   | Reached XP level 9. HP: 49/49 MP: 13/13
  6644 | Bailey   | Reached skill level 12 in Fighting
  6644 | Bailey   | Reached XP level 10. HP: 63/63 MP: 14/14
  6645 | Bailey   | Noticed an orc knight
  6645 | Bailey   | Noticed an orc knight
  6829 | Bailey   | Killed an orc knight
  6914 | Bailey   | Killed an orc knight
  6999 | Bailey   | Identified the amulet of Mukuh {RegenMP Contam Int+2
                  | Slay+2}
  7164 | D:7      | Found an ornate altar of the Wu Jian Council.
  7570 | D:7      | Found Pijirus's Antique Armour Emporium.
  7579 | D:7      | Bought a runed ring mail for 217 gold pieces
  8226 | D:8      | Noticed Joseph
  8401 | D:8      | Noticed a two-headed ogre
  8432 | D:8      | Killed a two-headed ogre
  8475 | D:8      | Found Xeleammimp's Book Boutique.
  8705 | D:8      | Killed Joseph
  8705 | D:8      | Reached *** piety under Okawaru
  8706 | D:8      | Reached XP level 11. HP: 63/67 MP: 18/18
  9103 | D:8      | Found Rulyo's Mayhem Merchandise.
  9790 | D:9      | Reached skill level 10 in Invocations
  9941 | D:9      | Found a staircase to the Lair.
 10184 | D:9      | Reached skill level 1 in Evocations
 10352 | D:9      | Found a bloodstained altar of Trog.
 10819 | D:10     | Entered Level 10 of the Dungeon
 10959 | D:10     | Noticed a two-headed ogre
 10984 | D:10     | Killed a two-headed ogre
 10984 | D:10     | Reached **** piety under Okawaru
 11223 | D:10     | Found a white marble altar of Elyvilon.
 11233 | D:10     | Found a hazy altar of Hepliaklqana.
 11385 | D:10     | Noticed an eight-headed hydra
 11398 | D:10     | Killed an eight-headed hydra
 12134 | D:11     | Reached XP level 12. HP: 62/72 MP: 20/20
 12381 | D:11     | Received a gift from Okawaru
 12640 | D:11     | Found a runed translucent door.
 12671 | D:11     | Found a bloodstained altar of Trog.
 12681 | D:11     | Found a blossoming altar of Fedhas.
 12692 | D:11     | Found a broken altar of Ashenzari.
 12703 | D:11     | Found a sacrificial altar of Ru.
 12794 | D:11     | Found a stormy altar of Qazlal.
 12820 | D:11     | Reached ***** piety under Okawaru
 12821 | D:11     | Reached skill level 5 in Shields
 12826 | D:11     | Found a snail-covered altar of Cheibriados.
 13197 | D:3      | Killed Jessica
 13215 | D:3      | Killed Pargi
 13271 | D:4      | Killed Menkaure
 13334 | D:4      | Noticed Duvessa
 13334 | D:4      | Noticed Dowan
 13351 | D:4      | Killed Duvessa
 13357 | D:4      | Killed Dowan
 13539 | D:5      | Reached skill level 5 in Dodging
 13664 | D:5      | Killed relicbr's ghost
 13667 | D:5      | Reached skill level 5 in Armour
 13884 | Lair:1   | Entered Level 1 of the Lair of Beasts
 14140 | Lair:1   | Identified the +0 cloak of Lifelessness {god gift, -Tele
                  | rPois rF++ rCorr} (Okawaru gifted it to you on level 1 of
                  | the Lair of Beasts)
 14140 | Lair:1   | Received a gift from Okawaru
 14376 | Lair:1   | Noticed an eight-headed hydra
 14525 | Lair:1   | Killed an eight-headed hydra
 14526 | Lair:1   | Reached skill level 10 in Stealth
 14710 | Lair:1   | Reached XP level 13. HP: 67/76 MP: 21/21
 15475 | Lair:2   | Noticed Gastronok
 15483 | Lair:2   | Killed Gastronok
 15687 | Lair:2   | Received a gift from Okawaru
 15824 | Lair:2   | Reached skill level 5 in Throwing
 16358 | Lair:3   | Identified the +0 short sword "Impslayer" {protect, *Noise
                  | rElec Will- Dex+5}
 16466 | Lair:3   | Received a gift from Okawaru
 16510 | Lair:3   | Found a hole to the Spider Nest.
 16658 | Lair:3   | Received a gift from Okawaru
 17000 | Lair:3   | Found a runed translucent gate.
 17000 | Lair:3   | Found a runed translucent gate.
 17000 | Lair:3   | Found a runed translucent gate.
 17001 | Lair:3   | Found a viscous altar of Jiyva.
 17001 | Lair:3   | Noticed Jeuts's ghost (journeyman MiFi)
 17036 | Lair:3   | Found a staircase to the Shoals.
 17157 | Lair:3   | Reached XP level 14. HP: 81/81 MP: 22/22
 17717 | Lair:4   | Noticed Rupert
 17841 | Lair:4   | Identified the +9 short sword of Yhum Hik {god gift, heavy,
                  | rN+ Stlth+} (Okawaru gifted it to you on level 4 of the
                  | Lair of Beasts)
 17841 | Lair:4   | Received a gift from Okawaru
 17842 | Lair:4   | Reached skill level 10 in Short Blades
 18165 | Lair:5   | Entered Level 5 of the Lair of Beasts
 18167 | Arena    | Entered the Arena
 19154 | Lair:5   | Found a burning altar of Makhleb.
 19324 | Lair:5   | Found a gateway to Hell.
 19599 | Lair:5   | Received a gift from Okawaru
 19623 | Lair:5   | Reached XP level 15. HP: 85/85 MP: 26/26
 19631 | Lair:5   | Found a staircase to the Slime Pits.
 19632 | Lair:5   | Found a viscous altar of Jiyva.
 20074 | Lair:3   | Killed Jeuts's ghost
 20297 | D:11     | Identified the +5 hand axe "Gujoesch" {antimagic, Str+5}
 20298 | D:11     | Identified the +2 plate armour of a wizard's laboratory
                  | {rPois}
 20373 | D:12     | Found a staircase to the Orcish Mines.
 20588 | D:12     | Received a gift from Okawaru
 20671 | D:12     | Reached skill level 15 in Invocations
 20795 | D:12     | Noticed Jorgrun
 20835 | D:12     | Killed Jorgrun
 20835 | D:12     | Received a gift from Okawaru
 20836 | D:12     | Reached skill level 13 in Fighting
 21110 | D:12     | Got Resivargh's Handbook of Variable Battling
 21226 | D:12     | Identified the +8 trident of Deformation {pain, rCorr Int+3
                  | Dex-5 Stlth+}
 21488 | Orc:1    | Entered Level 1 of the Orcish Mines
 21581 | Orc:1    | Noticed an orc warlord
 21641 | Orc:1    | Killed an orc warlord
 21778 | Orc:2    | Entered Level 2 of the Orcish Mines
 22250 | Orc:1    | Noticed Erolcha
 22292 | Orc:1    | Killed Erolcha
 23308 | Orc:2    | Noticed an orc warlord
 23340 | Orc:2    | Killed an orc warlord
 24358 | Orc:2    | Found Adiduaw's General Store.
 24359 | Orc:2    | Found Hufiunt's Jewellery Shoppe.
 24361 | Orc:2    | Found Texziel's Antique Armour Shoppe.
 24361 | Orc:2    | Found Edeunoi's Antique Weapon Emporium.
 24497 | Orc:2    | Noticed Urug
 24530 | Orc:2    | Killed Urug
 24531 | Orc:2    | Reached skill level 14 in Fighting
 24531 | Orc:2    | Reached skill level 5 in Evocations
 24706 | Orc:2    | Found a staircase to the Elven Halls.
 24835 | Orc:2    | Bought a pair of embroidered gloves for 210 gold pieces
 24849 | Orc:2    | Bought a shimmering kite shield for 266 gold pieces
 24849 | Orc:2    | Identified the +1 kite shield "Sosseucy" {Str+3} (You
                  | bought it in a shop on level 2 of the Orcish Mines)
 24849 | Orc:2    | Bought a steaming scale mail for 252 gold pieces
 24849 | Orc:2    | Identified the +0 scale mail of the Scorching Gods {Int+3
                  | Dex+3 Stlth+} (You bought it in a shop on level 2 of the
                  | Orcish Mines)
 24864 | Orc:2    | Bought the ring of Nucsak {Str+3 SInv Stlth+} for 404 gold
                  | pieces
 24866 | Orc:2    | Bought a scroll of teleportation for 42 gold pieces
 24866 | Orc:2    | Bought a potion of resistance for 140 gold pieces
 24866 | Orc:2    | Bought a scroll of fog for 56 gold pieces
 24875 | Orc:2    | Bought a fine falchion for 264 gold pieces
 24875 | Orc:2    | Identified the +10 falchion of Animal Spirits {flame,
                  | rPois} (You bought it in a shop on level 2 of the Orcish
                  | Mines)
 25258 | D:13     | Found Piamito's Pet Rocks.
 25731 | D:14     | Found a frozen archway.
 25748 | IceCv    | Entered an ice cave
 25755 | IceCv    | Reached XP level 16. HP: 83/93 MP: 26/28
 25831 | IceCv    | Reached skill level 15 in Fighting
 26216 | IceCv    | Received a gift from Okawaru
 26271 | IceCv    | Identified the +8 short sword "Baitojyn" {heavy, Will+
                  | rCorr Dex+3}
 26639 | D:14     | Noticed Snorg
 26643 | D:14     | Killed Snorg
 26675 | D:14     | Found a gate to the Vaults.
 26822 | D:14     | Found a blossoming altar of Fedhas.
 26974 | D:14     | Identified the +0 helmet of the Great Game {rC+ Int+2}
 27466 | D:15     | Entered Level 15 of the Dungeon
 28370 | D:15     | Received a gift from Okawaru
 28637 | D:15     | Found a staircase to the Depths.
 28685 | D:15     | Received a gift from Okawaru
 29767 | Lair:4   | Killed Rupert
 29863 | Lair:4   | You fall into a shaft and drop 1 floor!
 30784 | Lair:4   | Got the Notes on Turbulence
 30881 | Spider:1 | Entered Level 1 of the Spider Nest
 31152 | Spider:1 | Found a runed translucent gate.
 31152 | Spider:1 | Found a runed translucent gate.
 31152 | Spider:1 | Found a runed translucent gate.
 31153 | Spider:1 | Noticed Esekla's ghost (adept OpDe)
 31267 | Spider:1 | Reached skill level 10 in Dodging
 31432 | Spider:1 | Noticed Frances
 31476 | Spider:1 | You fall into a shaft and drop 1 floor!
 31972 | Spider:1 | Reached XP level 17. HP: 89/99 MP: 29/29
 34352 | Spider:3 | Received a gift from Okawaru
 34554 | Spider:3 | Received a gift from Okawaru
 34774 | Spider:3 | Reached skill level 10 in Evocations
 35232 | Spider:3 | Received a gift from Okawaru
 35580 | Spider:3 | Noticed Kirke
 35605 | Spider:3 | Killed Kirke
 35605 | Spider:3 | Received a gift from Okawaru
 35829 | Spider:4 | Entered Level 4 of the Spider Nest
 35974 | Spider:4 | Noticed Louise
 36124 | Spider:4 | Killed Louise
 36789 | Spider:4 | Noticed Arachne
 37256 | Spider:4 | Killed Arachne
 37257 | Spider:4 | Reached XP level 18. HP: 59/104 MP: 22/30
 37432 | Spider:4 | Reached skill level 15 in Stealth
 37904 | Spider:4 | Got a gossamer rune of Zot
 38208 | Spider:4 | Noticed Mlioglotl
 38214 | Spider:4 | Killed Mlioglotl
 38389 | Spider:4 | Noticed Aizul
 38403 | Spider:4 | Killed Aizul
 38403 | Spider:4 | Received a gift from Okawaru
 38620 | Spider:1 | Killed Esekla's ghost
 38681 | Spider:1 | Identified the +8 battleaxe "Jolug" {freeze, rElec Str+5
                  | Int-3}
 38807 | Shoals:1 | Entered Level 1 of the Shoals
 39094 | Shoals:1 | Received a gift from Okawaru
 39109 | Shoals:1 | Reached skill level 10 in Throwing
 39338 | Shoals:1 | Identified the +6 quick blade "Beastbane" {god gift, flame,
                  | rPois rN+++ Int-4 Stlth+} (Okawaru gifted it to you on
                  | level 1 of the Shoals)
 39338 | Shoals:1 | Received a gift from Okawaru
 40595 | Shoals:3 | Received a gift from Okawaru
 40667 | Shoals:3 | Received a gift from Okawaru
 40733 | Shoals:3 | Reached XP level 19. HP: 109/109 MP: 31/31
 41391 | Shoals:3 | Identified the ring of Onai {Fly rPois Int+3}
 41480 | Shoals:3 | Received a gift from Okawaru
 41481 | Shoals:3 | Reached skill level 16 in Fighting
 41662 | Shoals:3 | Reached XP level 20. HP: 114/114 MP: 32/32
 41685 | Shoals:3 | Received a gift from Okawaru
 41739 | Shoals:4 | Entered Level 4 of the Shoals
 41804 | Shoals:4 | Noticed Polyphemus
 41928 | Shoals:3 | Killed Polyphemus
 42138 | Shoals:4 | Paralysed by an air elemental for 1 turns
 42292 | Shoals:4 | Paralysed by an air elemental for 1 turns
 42296 | Shoals:4 | Paralysed by an air elemental for 1 turns
 42458 | Shoals:4 | Paralysed by an air elemental for 1 turns
 42493 | Shoals:4 | Reached skill level 17 in Fighting
 42645 | Shoals:4 | Identified the +1 plate armour "Duryfeom" {rPois rCorr
                  | Stlth-}
 42646 | Shoals:4 | Identified the +3 dagger of Etaazoxt {venom, Contam rPois
                  | Str+7}
 42649 | Shoals:4 | Identified the +4 dagger of Ekuxzi Paem {freeze, Fly rF+
                  | Stlth-}
 42650 | Shoals:4 | Identified the +2 robe "Igrubler" {rElec Str+3 Dex-2
                  | Stlth+}
 42652 | Shoals:4 | Got a barnacled rune of Zot
 42786 | Shoals:4 | Found a blossoming altar of Fedhas.
 42804 | Shoals:4 | Paralysed by an air elemental for 1 turns
 42814 | Shoals:4 | Paralysed by an air elemental for 1 turns
 43474 | Vaults:1 | Entered Level 1 of the Vaults
 43614 | Vaults:1 | Reached skill level 18 in Fighting
 43826 | Vaults:1 | Received a gift from Okawaru
 43934 | Vaults:1 | Noticed Nikola
 43950 | Vaults:1 | Killed Nikola
 44875 | Vaults:1 | Reached XP level 21. HP: 123/123 MP: 34/34
 45429 | Vaults:2 | Received a gift from Okawaru
 45780 | Vaults:2 | Received a gift from Okawaru
 46077 | Vaults:2 | Received a gift from Okawaru
 46700 | Vaults:2 | Received a gift from Okawaru
 46740 | Vaults:2 | Found a staircase to the Crypt.
 46740 | Vaults:2 | Found an ancient bone altar of Kikubaaqudgha.
 46740 | Vaults:2 | Found a basalt altar of Yredelemnul.
 46889 | Vaults:3 | Noticed Asterion
 46895 | Vaults:3 | Killed Asterion
 47045 | Vaults:3 | Received a gift from Okawaru
 47732 | Vaults:3 | Reached ****** piety under Okawaru
 47732 | Vaults:3 | Received a gift from Okawaru
 47732 | Vaults:3 | Found the +7 lajatang of Order {god gift, silver, rMut}
 47841 | Vaults:3 | Reached skill level 15 in Dodging
 47843 | Vaults:3 | Reached XP level 22. HP: 128/128 MP: 35/35
 48021 | Vaults:4 | Found Kufyistu's Jewellery Shoppe.
 48024 | Vaults:4 | Bought the ring "Forget-Me-Not" {rElec EV+5 Str+3} for 788
                  | gold pieces
 48605 | Vaults:4 | Received a gift from Okawaru
 48731 | Vaults:4 | Received a gift from Okawaru
 48867 | Vaults:4 | Reached skill level 10 in Shields
 49230 | Elf:1    | Entered Level 1 of the Elven Halls
 49263 | Elf:1    | Received a gift from Okawaru
 49435 | Elf:1    | Received a gift from Okawaru
 49656 | Elf:1    | Received a gift from Okawaru
 50217 | Elf:2    | Found a huge runed translucent gate.
 50217 | Elf:2    | Found a huge runed translucent gate.
 50217 | Elf:2    | Found a huge runed translucent gate.
 50222 | Elf:2    | Found a huge runed translucent gate.
 50222 | Elf:2    | Found a huge runed translucent gate.
 50261 | Elf:2    | Received a gift from Okawaru
 50348 | Elf:2    | Paralysed by an air elemental for 1 turns
 50445 | Elf:2    | Identified the +8 dagger of Bigi Xir {god gift, protect,
                  | rElec rN+ rCorr MP+9} (Okawaru gifted it to you on level 2
                  | of the Elven Halls)
 50445 | Elf:2    | Received a gift from Okawaru
 50827 | Elf:2    | Reached XP level 23. HP: 133/133 MP: 36/36
 51207 | Elf:2    | Noticed Agnes
 51235 | Elf:2    | Killed Agnes
 51516 | Elf:3    | Entered Level 3 of the Elven Halls
 52589 | Elf:3    | Identified the +6 scale mail of Intercession {MP+9 Str+6}
 52646 | Elf:3    | Identified the +3 leather armour "Yleahioph" {rElec Will++
                  | Regen+ Int-4}
 52677 | Elf:3    | Identified the +0 scale mail of the Archfiend {god gift,
                  | Harm rElec Int+2 Slay-3} (Okawaru gifted it to you on level
                  | 3 of the Elven Halls)
 52677 | Elf:3    | Received a gift from Okawaru
 52796 | Elf:3    | Acquired a manual of Armour
 52843 | Elf:3    | Identified the +6 long sword of the Feeding Gods {elec, Fly
                  | rN+++ Will- Dex+2}
 52843 | Elf:3    | Identified the +10 plate armour of Jotius {rN+ Str-4 SInv}
 52853 | Elf:3    | Identified the +0 flail of Hairy Tender Mercy {freeze,
                  | rPois rF+ Dex-4}
 52853 | Elf:3    | Identified the +1 leather armour of Boiling Hail {Drain
                  | rPois Regen+ Int+2 Dex+3}
 53103 | Elf:3    | Identified the +8 battleaxe "Girch" {flame, rF++ rN+ rCorr
                  | Dex-3 SInv}
 53113 | Elf:3    | Got the Atlas of Gathered Effluvium
 53227 | Elf:3    | Identified the +2 flail "Utanait" {vamp, rPois Will+ Dex+3}
 53538 | Depths:1 | Entered Level 1 of the Depths
 53607 | Depths:1 | Found a one-way gate leading to the halls of Pandemonium.
 53690 | Depths:1 | Found a shimmering blue altar of Sif Muna.
 53781 | Depths:1 | Reached skill level 10 in Armour
 54319 | Depths:1 | Found a stormy altar of Qazlal.
 54639 | Depths:2 | Noticed a golden dragon
 54703 | Depths:2 | Noticed a golden dragon
 54738 | Depths:2 | Killed a golden dragon
 54785 | Depths:2 | Received a gift from Okawaru
 54800 | Depths:2 | Reached XP level 24. HP: 126/137 MP: 35/38
 55109 | Depths:2 | You fall into a shaft and drop 1 floor!
 55955 | Depths:2 | Identified the +1 ring mail "Tischioh" {god gift, Will-
                  | Int+3} (Okawaru gifted it to you on level 2 of the Depths)
 55955 | Depths:2 | Received a gift from Okawaru
 56102 | Depths:2 | Identified the +2 short sword "Lifebane" {flame, rC+}
 56128 | Depths:2 | Paralysed by a floating eye for 4 turns
 56136 | Depths:2 | Found a one-way gateway to a ziggurat.
 56466 | Depths:2 | Reached skill level 15 in Evocations
 56506 | Depths:2 | Identified the +1 pair of gloves of Plog {-Cast Harm Fly
                  | rPois}
 56548 | Depths:2 | Identified the +9 longbow of Untruth {heavy, rF+ Dex+4}
 56557 | Depths:2 | Identified the +4 halberd "Tioxteups" {spect, rPois}
 57224 | Depths:3 | Found an iron altar of Okawaru.
 57384 | Depths:3 | Found a one-way gate to the infinite horrors of the Abyss.
 57521 | Depths:4 | Entered Level 4 of the Depths
 57599 | Depths:4 | Noticed Margery
 57827 | Depths:4 | Killed Margery
 58059 | Depths:4 | Reached XP level 25. HP: 133/137 MP: 38/38
 58281 | Depths:4 | Noticed a juggernaut
 58338 | Depths:4 | Killed a juggernaut
 58338 | Depths:4 | Received a gift from Okawaru
 58697 | Depths:4 | Received a gift from Okawaru
 59039 | Depths:4 | Found a gate to the Realm of Zot.
 59352 | Vaults:4 | Bought a ring of resist corrosion for 280 gold pieces
 59770 | Slime:1  | Entered Level 1 of the Pits of Slime
 59882 | Slime:3  | Reached skill level 15 in Throwing
 59912 | Slime:3  | Identified the +2 robe "Toskot" {god gift, rElec Stlth+}
                  | (Okawaru gifted it to you on level 3 of the Pits of Slime)
 59912 | Slime:3  | Received a gift from Okawaru
 60016 | Slime:4  | Found a viscous altar of Jiyva.
 60211 | Slime:5  | Entered Level 5 of the Pits of Slime
 60294 | Slime:5  | Gained mutation: You sometimes lose your temper in combat.
                  | [a shining eye]
 60297 | Slime:5  | Lost mutation: You sometimes lose your temper in combat.
                  | [potion of mutation]
 60297 | Slime:5  | Gained mutation: You possess an exceptional clarity of
                  | mind. [potion of mutation]
 60297 | Slime:5  | Gained mutation: You occasionally lose the ability to read
                  | scrolls when taking damage. [potion of mutation]
 60297 | Slime:5  | Gained mutation: You have hidden genetic potential. [potion
                  | of mutation]
 60298 | Slime:5  | Lost mutation: You possess an exceptional clarity of mind.
                  | [potion of mutation]
 60298 | Slime:5  | Lost mutation: You occasionally lose the ability to read
                  | scrolls when taking damage. [potion of mutation]
 60298 | Slime:5  | Gained mutation: Your flesh is heat resistant. (rF+)
                  | [potion of mutation]
 60765 | Slime:5  | Found a viscous altar of Jiyva.
 60765 | Slime:5  | Noticed the Royal Jelly
 60766 | Slime:5  | Found the +2 pair of slick slippers {slick, slippery, EV+5}
 60776 | Slime:5  | Killed the Royal Jelly
 61350 | Slime:5  | Identified the +8 scimitar of the Hand {venom, rF+}
 61351 | Slime:5  | Identified the +0 chain mail "Jiwnem Xorr" {rCorr Int+3
                  | Dex-5}
 61367 | Slime:5  | Identified the +1 pair of gloves of Analysis {rElec rN+
                  | SInv}
 61383 | Slime:5  | Got a slimy rune of Zot
 61384 | Slime:5  | Identified the amulet "Waofen" {Spirit Harm Regen+ Str+8
                  | Stlth-}
 61429 | Slime:5  | Identified the +8 battleaxe "Ofeij" {flame, Str+4}
 61431 | Slime:5  | Identified the +1 spear of the Smoking Gods {holy, Fragile
                  | rF++ rN++}
 62051 | Vaults:5 | Entered Level 5 of the Vaults
 62140 | Vaults:4 | Reached skill level 19 in Fighting
 62324 | Vaults:5 | Identified the +7 quarterstaff "Mod Zogg" {heavy, Int+3}
 62446 | Vaults:5 | Received a gift from Okawaru
 62545 | Vaults:5 | Identified the ring of Zathror Edde {Fire rCorr Dex+2}
 62727 | Vaults:5 | Reached XP level 26. HP: 135/151 MP: 35/38
 62756 | Vaults:5 | Received a gift from Okawaru
 62822 | Vaults:5 | Reached skill level 20 in Fighting
 62895 | Vaults:5 | Received a gift from Okawaru
 63068 | Vaults:5 | Received a gift from Okawaru
 63318 | Vaults:5 | Received a gift from Okawaru
 63324 | Vaults:5 | Identified the +7 spear of Disaster {holy, rF++ rC+ Will+
                  | Int-4}
 63377 | Vaults:5 | Identified the +9 falchion of Udasohat {vamp, Fly rPois
                  | Int-4 Dex-5}
 63377 | Vaults:5 | Identified the ring of Allaam {Fly rCorr Str-5 Int+4
                  | Stlth+}
 63387 | Vaults:5 | Reached skill level 21 in Fighting
 63450 | Vaults:5 | Identified the +5 hand axe "Faliaj" {flame, rC- rN+++ Str+3
                  | Dex+3}
 63508 | Vaults:5 | Noticed a juggernaut
 63514 | Vaults:5 | a juggernaut changed into a rockslime
 63531 | Vaults:5 | Identified the +0 hand axe of Tyomo {heavy, +Blink Stlth+}
 63534 | Vaults:5 | Identified the +2 leather armour "Zuskydu" {rElec MP+9
                  | Slay+2 Stlth+}
 63569 | Vaults:5 | Noticed a dread lich
 63603 | Vaults:5 | Killed a dread lich
 63615 | Vaults:5 | Gained mutation: You have a pair of small horns on your
                  | head. [hidden potential]
 63617 | Vaults:5 | Lost mutation: Your flesh is heat resistant. (rF+) [potion
                  | of mutation]
 63617 | Vaults:5 | Lost mutation: You have hidden genetic potential. [potion
                  | of mutation]
 63617 | Vaults:5 | Gained mutation: You have hidden genetic defects. [potion
                  | of mutation]
 63617 | Vaults:5 | Gained mutation: You are partially covered in iridescent
                  | scales. (AC +2) [potion of mutation]
 63618 | Vaults:5 | Lost mutation: You have a pair of small horns on your head.
                  | [potion of mutation]
 63618 | Vaults:5 | Lost mutation: You are partially covered in iridescent
                  | scales. (AC +2) [potion of mutation]
 63618 | Vaults:5 | Gained mutation: Your flesh is heat resistant. (rF+)
                  | [potion of mutation]
 63619 | Vaults:5 | Lost mutation: Your flesh is heat resistant. (rF+) [potion
                  | of mutation]
 63619 | Vaults:5 | Lost mutation: You have hidden genetic defects. [potion of
                  | mutation]
 63619 | Vaults:5 | Gained mutation: Your body sometimes deteriorates upon
                  | taking damage. [potion of mutation]
 63619 | Vaults:5 | Gained mutation: Your movements are slightly less
                  | encumbered by armour. (ER -2) [potion of mutation]
 63619 | Vaults:5 | Gained mutation: Your spells are a little harder to cast,
                  | but a little more powerful. [potion of mutation]
 63888 | Vaults:5 | Got a silver rune of Zot
 63900 | Vaults:5 | Identified the +0 robe of Jiudghy {Str+2}
 64004 | Vaults:5 | Identified the ring of Cueqad {rN+ Will+ Dex+4}
 64016 | Vaults:5 | Received a gift from Okawaru
 64052 | Vaults:5 | Identified the ring of Jetuops Tarph {Fire rPois rN+ Will+}
 64069 | Vaults:5 | Reached skill level 22 in Fighting
 64911 | Zot:1    | Entered Level 1 of the Realm of Zot
 64951 | Zot:1    | Identified the +1 pair of gloves "Jyeliex" {god gift, rCorr
                  | Str+2} (Okawaru gifted it to you on level 1 of the Realm of
                  | Zot)
 64951 | Zot:1    | Received a gift from Okawaru
 65424 | Arena    | Entered the Arena
 66384 | Zot:2    | Reached XP level 27. HP: 161/161 MP: 38/38
 66572 | Zot:2    | Found a runed translucent gate.
 66590 | Zot:2    | Found a runed translucent gate.
 66590 | Zot:2    | Found an ancient bone altar of Kikubaaqudgha.
 66591 | Zot:2    | Found a runed translucent gate.
 66591 | Zot:2    | Noticed Gehih's ghost (veteran MiBe)
 66592 | Zot:2    | Noticed an ancient lich
 66592 | Zot:2    | Noticed cheesebisquit's ghost (master GrEE)
 66592 | Zot:2    | Noticed an ancient lich
 66593 | Zot:2    | Noticed an ancient lich
 66997 | Zot:2    | Got Caphaqutz's Teachings on the Charred Maleficium
 67337 | Zot:3    | Identified the ring of Dim Light {Ice Slay+3}
 67337 | Zot:3    | Noticed Josephina
 67366 | Zot:2    | Killed Josephina
 67435 | Zot:3    | Received a gift from Okawaru
 67989 | Zot:3    | Received a gift from Okawaru
 68246 | Zot:3    | Found the +4 dragonskin cloak
 68246 | Zot:3    | Noticed Tiamat
 68300 | Zot:2    | Killed Tiamat
 68301 | Zot:2    | Reached skill level 23 in Fighting
 68445 | Zot:2    | Found a runed translucent gate.
 68445 | Zot:2    | Found a runed translucent gate.
 68445 | Zot:2    | Found an ancient bone altar of Kikubaaqudgha.
 68446 | Zot:2    | Found a runed translucent gate.
 69448 | Zot:4    | Identified the +12 plate armour of Zuodol {god gift, Dex+4}
                  | (Okawaru gifted it to you on level 4 of the Realm of Zot)
 69448 | Zot:4    | Received a gift from Okawaru
 69703 | Zot:4    | Found a shadowy altar of Dithmenos.
 69711 | Zot:4    | Identified the +4 spear "Heinoman" {flame, Str+3}
 69724 | Zot:4    | Noticed an orb of fire
 69730 | Zot:4    | Gained mutation: You occasionally lose the ability to drink
                  | potions when taking damage. [an orb of fire]
 69765 | Zot:4    | Killed an orb of fire
 70357 | Zot:4    | Reached skill level 24 in Fighting
 70425 | Zot:4    | Got the Codex of The Black Sun
 70659 | Zot:5    | Entered Level 5 of the Realm of Zot
 70850 | Zot:5    | Noticed an orb of fire
 70872 | Zot:5    | Killed an orb of fire
 71617 | Zot:5    | Noticed a dread lich
 71645 | Zot:5    | Killed a dread lich
 71669 | Zot:5    | Noticed a dread lich
 71683 | Zot:5    | Killed a dread lich
 71683 | Zot:5    | Received a gift from Okawaru
 71884 | Zot:5    | Identified the +3 short sword of Filiz {god gift, holy,
                  | *Slow rF+ rC+ Str+3} (Okawaru gifted it to you on level 5
                  | of the Realm of Zot)
 71884 | Zot:5    | Received a gift from Okawaru
 71885 | Zot:5    | Reached skill level 25 in Fighting
 71891 | Zot:5    | Noticed an orb of fire
 71912 | Zot:5    | Noticed an orb of fire
 71932 | Zot:5    | Killed an orb of fire
 71956 | Zot:5    | Killed an orb of fire
 72114 | Zot:5    | Noticed an orb of fire
 72121 | Zot:5    | Gained mutation: You are clumsy. (Dex -2) [an orb of fire]
 72123 | Zot:5    | Gained mutation: You have sharp toenails. [an orb of fire]
 72154 | Zot:5    | Killed an orb of fire
 72179 | Zot:5    | Noticed an orb of fire
 72184 | Zot:5    | Killed an orb of fire
 72320 | Zot:5    | Received a gift from Okawaru
 72471 | Zot:5    | Noticed an orb of fire
 72506 | Zot:5    | Killed an orb of fire
 72507 | Zot:5    | Reached skill level 26 in Fighting
 72529 | Zot:5    | Noticed an orb of fire
 72529 | Zot:5    | Noticed a dread lich
 72555 | Zot:5    | Killed a dread lich
 72575 | Zot:5    | Noticed a dread lich
 72579 | Zot:5    | Noticed an orb of fire
 72593 | Zot:5    | Killed a dread lich
 72606 | Zot:5    | Killed an orb of fire
 72634 | Zot:5    | Gained mutation: You are dopey. (Int -2) [an orb of fire]
 72653 | Zot:5    | Killed an orb of fire
 72723 | Zot:5    | Received a gift from Okawaru
 72936 | Zot:5    | Lost mutation: Your spells are a little harder to cast, but
                  | a little more powerful. [potion of mutation]
 72936 | Zot:5    | Lost mutation: You are clumsy. (Dex -2) [potion of
                  | mutation]
 72936 | Zot:5    | Lost mutation: You occasionally lose the ability to drink
                  | potions when taking damage. [potion of mutation]
 72936 | Zot:5    | Lost mutation: You are dopey. (Int -2) [potion of mutation]
 72936 | Zot:5    | Gained mutation: You occasionally lose the ability to drink
                  | potions when taking damage. [potion of mutation]
 72937 | Zot:5    | Lost mutation: Your movements are slightly less encumbered
                  | by armour. (ER -2) [potion of mutation]
 72937 | Zot:5    | Lost mutation: You occasionally lose the ability to drink
                  | potions when taking damage. [potion of mutation]
 72937 | Zot:5    | Lost mutation: You have sharp toenails. [potion of
                  | mutation]
 72937 | Zot:5    | Gained mutation: You passively dampen the noise of your
                  | surroundings. [potion of mutation]
 72937 | Zot:5    | Gained mutation: You have large cloven feet. [potion of
                  | mutation]
 72948 | Zot:5    | Got the Orb of Zot
 73003 | Zot:2    | Noticed a seraph
 73264 | D:11     | Noticed Vys Ciel the pandemonium lord
 73518 | D:$      | Escaped with the Orb!

Illustrated notes

Levels and vault maps discovered:
D:1:      nagdon_arrival_double_spiral, layout_basic
D:2:      layout_rooms, minmay_box_of_dots
D:3:      layout_basic, pf_guarded_unrand_delatra, uniq_jessica, uniq_pargi
D:4:      minmay_polygon_palace, layout_loops_cross, kiku_gazebo_garden_becter,
          nicolae_uskayaw_en_pointe, zin_academy, minmay_goblin_kobold_house,
          uniq_crazy_yiuf_cottage, uniq_menkaure, uniq_duvessa
D:5:      layout_basic, ebering_ghost_inner_flame, solitary_fountain,
          st_stairs_3
D:6:      kennysheep_steamy, layout_basic, nicolae_ru_the_path_less_chosen,
          minmay_temple_entry_gardened_gates
D:7:      layout_loops_ring, lemuel_coloured_pillars_altar, serial_shops,
          nicolae_shop_hallway_stairs, enter_bailey_5, grunt_ministairs_12
D:8:      layout_cave_pools, serial_shops, kennysheep_mini_moat, serial_demonic,
          serial_demonic_e, serial_demonic_d, serial_demonic_b,
          serial_demonic_e, serial_demonic_g, serial_demonic_c,
          serial_demonic_b, minmay_shop_mayhem, kennysheep_generic_room_7,
          uniq_joseph
D:9:      layout_layer_cave, trog_butcher_becter, erik_lair_orcish_takeover
D:10:     layout_roguey, amethyst_overflow_temple_binary
D:11:     due_megacathedral, layout_stronghold, st_stairs_12,
          corexii_corridor_pit, kennysheep_doodads
D:12:     cheibrodos_wizards_tower, layout_irregular_city, erik_orc_3,
          uniq_jorgrun
D:13:     layout_rooms, amethyst_killhole, guppyfry_shop_earth
D:14:     layout_irregular_city, david_vaults_2,
          portal_ice_cave_entry_ice_statue_one, fedhas_altar_1,
          serial_co_window_serial, co_window_cross_1, co_window_paths_b,
          co_window_corner_a, co_window_of_opportunity_a, co_window_cross_1,
          co_window_of_opportunity_b, co_window_corner_b, co_window_2corner,
          co_window_4corner_a, glass_columns_b, glass_columns_a,
          glass_columns_a, glass_columns_b, uniq_snorg
D:15:     gammafunk_enter_depths_forms, layout_layer_cave, moated_statue
Temple:   nicolae_temple_superstar
Lair:1:   layout_misc_corridors, minmay_stone_trees_small,
          chequers_serial_rivers_micro_b, nicolae_lair_lakeside_cave
Lair:2:   layout_misc_corridors, serial_bayou_shore_b, grunt_megastairs_5,
          uniq_gastronok
Lair:3:   layout_layer_cave, shoals_dummy_entry,
          nicolae_spider_entry_tight_spaces, gammafunk_ghost_ooze
Lair:4:   layout_small_grid, ice2_lemuel, uniq_rupert
Lair:5:   evil_forest, layout_cave_pods, slime_entry_1,
          dreamdust_gnoll_shepherd, lemuel_fruit_tree, lemuel_fruit_fields
Shoals:1: layout_shoals, argonaut_gorgonesque
Shoals:2: layout_shoals, nicolae_shoals_undead_eyrie
Shoals:3: layout_shoals, nicolae_shoals_hunting_party
Shoals:4: shoals_end_hellmonk_storm_palace [storm_palace_center_square,
          storm_palace_corner_blocked, storm_palace_corner_grid,
          storm_palace_corner_altar, storm_palace_corner_pillars],
          uniq_polyphemus
Spider:1: layout_spider_delve, gammafunk_ghost_split,
          nicolae_spider_undead_wolf_pack, uniq_frances
Spider:2: layout_chambers, nicolae_spider_circle_web, drop_trap
Spider:3: spider_temple_joshua, hangedman_spider_tarantella_strand,
          nicolae_spider_cling_halls, uniq_kirke
Spider:4: johnstein_spider_rune_arachne_lair, uniq_aizul, uniq_louise,
          uniq_mlioglotl
Slime:1:  layout_caves
Slime:2:  layout_caves
Slime:3:  layout_caves
Slime:4:  layout_caves, basic_altar
Slime:5
Orc:1:    layout_diamond_mine, abandoned_shop, library_closet, uniq_erolcha
Orc:2:    st_orc_congregation, layout_diamond_mine, uniq_urug
Elf:1:    nicolae_elf_arrival_no_cutting_in_line, layout_geoelf_diagonals,
          hangedman_elf_disciples
Elf:2:    elven_hall_of_blades_hangedman_alternative [mumra_blade_entry_dagger],
          layout_geoelf_octagon, nicolae_twisting_strands, uniq_agnes
Elf:3:    minmay_elf_hall_spiked, layout_geoelf_octagon
Vaults:1: hangedman_vaults_impose, vaults_mumra_hex, v_misc_5,
          dpeg_vaults_monster_row, nicolae_vaults_ninety_degrees,
          vaults_dpeg_doors, v_misc_29, vaults_dpeg_hooks,
          nicolae_vaults_border_crossing, ontoclasm_vaults_fault,
          vaults_room_semicircle, layout_vaults_ring, uniq_nikola
Vaults:2: v_rooms_2, hangedman_vaults_variations, minmay_crypt_entry_necro_gods,
          nicolae_vaults_network_periphery, nicolae_vaults_murderbox, v_misc_22,
          hangedman_vaults_slice, nicolae_vaults_windows_and_doors_thing,
          ontoclasm_vaults_loading_screen, layout_vaults_quadrants
Vaults:3: nicolae_vaults_twisting_passages, nicolae_vaults_what_the_h,
          v_misc_22, vaults_standard_mumra_lines, v_misc_27,
          vaults_dpeg_emergency_exit, v_pattern_1, vaults_room_fancy_cross,
          v_misc_2, ontoclasm_vaults_gateway, layout_vaults_big_cross,
          uniq_asterion
Vaults:4: nicolae_vaults_shelves_hall, nicolae_vaults_network_barrier,
          nicolae_vaults_big_angled_halls, nicolae_vaults_little_squares_4,
          nicolae_vaults_an_arrangement, grunt_vaults_twisty,
          hangedman_vaults_snaps, nicolae_vaults_little_squares_4,
          hangedman_vaults_maws, layout_vaults_maze_snakey, serial_shops,
          nicolae_shop_behind_doors
Vaults:5: serial_shops
Depths:1: layout_cave_pools, pf_vacation_house_of_asmodeus,
          nicolae_qazlal_style_of_elements, pan_entry, tgw_sif
Depths:2: minmay_octagon_city, layout_cave_shapes, enter_ziggurat_d,
          serial_bayou_pond_c, rand_demon_pan_entry_4, hell_entry,
          minmay_staircase_windowed_small
Depths:3: nooodl_glass_maze, layout_twisted_cross,
          hellmonk_okawaru_the_only_friend_you_need, hell_entry, abyss_entry,
          infiniplex_staircase_star
Depths:4: grunt_zot_entry_hairpin, layout_gridlike,
          serial_sigils_hangedman_scar, pan_entry, grunt_metal_band,
          abyss_entry, st_stairs_7
Zot:1:    layout_basic
Zot:2:    layout_onion, gammafunk_ghost_crypt, grunt_ministairs_13,
          hangedman_zot_gyre
Zot:3:    layout_gridlike, drop_trap, hangedman_elemental_corridor, uniq_tiamat,
          uniq_josephina
Zot:4:    dreamdust_black_sun_cult, layout_twisted_circle, basic_altar,
          st_stairs_13
Zot:5:    layout_twisted_circle, skrybe_zot_glass_3

Skill      XL: |  1  2  3  4  5  6  7  8  9 10 11 12 13 14 15 16 17 18 19 20 21 22 23 24 25 26 27 |
---------------+----------------------------------------------------------------------------------+-----
Fighting       | 2 3 4 6 12 14 15 16 18 19 22 26 | 26.7
Short Blades   | 2 5 6 9 10 | 10.0
Stealth        | 5 10 14 15 | 15.0
Throwing       | 2 7 12 13 16 | 16.0
Invocations    | 2 5 8 10 14 15 16 17 20 | 20.0
Dodging        | 2 4 5 10 15 | 15.0
Shields        | 2 4 5 10 | 10.0
Armour         | 2 3 5 8 10 13 14 | 14.0
Evocations     | 2 5 6 10 15 | 15.0

Action                     |  1- 3 |  4- 6 |  7- 9 | 10-12 | 13-15 | 16-18 | 19-21 | 22-24 | 25-27 || total
---------------------------+-------+-------+-------+-------+-------+-------+-------+-------+-------++-------
  Melee: Dagger            |   100 |   121 |     6 |   133 |   425 |       |       |       |       ||   785
         Bite              |    20 |    38 |    42 |   318 |  1056 |  1218 |   908 |  1698 |  2698 ||  7996
         Punch             |       |     3 |     1 |       |       |       |       |       |       ||     4
         Short sword       |       |       |   119 |   592 |  1592 |  2287 |  1526 |  2275 |  3353 || 11744
         Quick blade       |       |       |       |       |       |    25 |    17 |   417 |   496 ||   955
   Fire: Sling             |     6 |       |       |       |       |       |       |       |       ||     6
  Throw: Dart              |     4 |    31 |    30 |    52 |    94 |    79 |     3 |       |       ||   293
         Boomerang         |       |       |       |     9 |    81 |   129 |    54 |    80 |     9 ||   362
         Javelin           |       |       |       |       |       |    17 |       |    15 |   230 ||   262
         Throwing net      |       |       |       |       |       |       |     3 |     1 |     7 ||    11
 Invoke: Heroism           |       |       |     2 |    14 |    19 |    22 |     5 |     5 |    20 ||    87
         Finesse           |       |       |       |     1 |    12 |    10 |     3 |     3 |    13 ||    42
         Duel              |       |       |       |       |     1 |       |       |       |     1 ||     2
  Evoke: Wand              |       |       |       |    10 |     6 |    38 |     2 |     2 |     4 ||    62
         Tin of tremorston |       |       |       |       |       |     4 |     2 |     8 |     7 ||    21
         Phial of floods   |       |       |       |       |       |       |       |     1 |     1 ||     2
         Condenser vane    |       |       |       |       |       |       |       |       |     5 ||     5
    Use: Scroll            |     6 |     8 |     4 |    13 |    11 |    14 |     4 |     8 |    19 ||    87
         Potion            |       |       |     1 |     5 |     9 |    16 |       |     3 |    21 ||    55
   Stab: Sleeping          |     8 |     6 |     3 |    10 |     9 |    33 |    38 |    27 |    12 ||   146
         Distracted        |       |       |     1 |     2 |     4 |     1 |    10 |     6 |     7 ||    31
         Petrifying        |       |       |       |       |     2 |       |       |       |       ||     2
         Invisible         |       |       |       |       |     3 |       |       |       |       ||     3
         Petrified         |       |       |       |       |       |       |     2 |       |       ||     2
         Held in net/web   |       |       |       |       |       |       |       |       |     4 ||     4
         Confused          |       |       |       |       |       |       |       |       |     2 ||     2
 Armour: Robe              |    27 |    17 |    14 |       |   111 |    20 |       |       |       ||   189
         Scale mail        |       |       |     8 |    27 |       |       |       |       |       ||    35
         Ring mail         |       |       |       |   177 |   224 |   644 |   307 |   163 |       ||  1515
         Skin              |       |       |       |       |     2 |       |       |       |       ||     2
         Leather armour    |       |       |       |       |       |       |       |   266 |   342 ||   608
  Dodge: Dodged            |    75 |    49 |    76 |   248 |   717 |  1416 |   674 |  1461 |  2088 ||  6804
  Block: Buckler           |       |       |    32 |   240 |   558 |  1008 |   456 |   889 |  1142 ||  4325

Table legend: (Time is in decaauts)
 A = Elapsed time spent in this place.
 B = Non-inter-level travel time spent in this place.
 C = Inter-level travel time spent in this place.
 D = Time resting spent in this place.
 E = Time spent auto-exploring this place.
 F = Levels seen in this place.
 G = Mean time per level.
                   A        B        C        D        E       F      G
               +--------+--------+--------+--------+--------+-----+--------+
         Total |  67193 |  60873 |   6320 |   8814 |  31131 |  57 | 1178.8 |
       Dungeon |  18300 |  15983 |   2317 |   1788 |   9937 |  15 | 1220.0 |
        Temple |    130 |    125 |      5 |      0 |    105 |   1 |  130.0 |
          Lair |   7656 |   6604 |   1052 |   1066 |   3423 |   5 | 1531.2 |
        Shoals |   4354 |   4079 |    275 |    668 |   1987 |   4 | 1088.5 |
   Spider Nest |   7249 |   7013 |    236 |   1700 |   3105 |   4 | 1812.2 |
    Slime Pits |   1499 |   1403 |     96 |    180 |    409 |   5 |  299.8 |
  Orcish Mines |   3398 |   2938 |    460 |    893 |    848 |   2 | 1699.0 |
   Elven Halls |   3828 |   3601 |    227 |    476 |   1933 |   3 | 1276.0 |
        Vaults |   7612 |   6566 |   1046 |    700 |   3272 |   5 | 1522.4 |
        Depths |   4683 |   4309 |    374 |    270 |   2260 |   4 | 1170.8 |
           Zot |   7018 |   6790 |    228 |    675 |   3830 |   5 | 1403.6 |
        Bailey |    820 |    820 |      0 |    106 |      0 |   1 |  820.0 |
      Ice Cave |    582 |    582 |      0 |    264 |     19 |   1 |  582.0 |
         Arena |     56 |     56 |      0 |     25 |      0 |   2 |   28.0 |
               +--------+--------+--------+--------+--------+-----+--------+

Top non-repeatable levels by time:
Spider:3: 2381 daAuts
Spider:4: 1929 daAuts
Vaults:2: 1899 daAuts
  Lair:3: 1866 daAuts
Depths:2: 1855 daAuts
   Orc:2: 1846 daAuts
   Zot:2: 1841 daAuts
   Zot:5: 1830 daAuts
Vaults:5: 1819 daAuts
    D:11: 1817 daAuts
     D:9: 1733 daAuts
Vaults:1: 1704 daAuts
Spider:1: 1692 daAuts
   Elf:3: 1631 daAuts
  Lair:1: 1626 daAuts
